 Dungeon Crawl Stone Soup version 0.25-a0-294-gea9b1ad378 (webtiles) character file.

Game seed: 12599560737933037463, levelgen mode: deterministic

39675 Pokegali the Carver (level 14, 0/92 HPs)
             Began as a Gargoyle Abyssal Knight on Dec 18, 2019.
             Was the Champion of Lugonu.
             Slain by an orc knight
             ... wielding a +2 long sword
              (20 damage)
             ... on level 1 of the Orcish Mines.
             The game lasted 01:23:27 (16404 turns).

Pokegali the Carver (Gargoyle Abyssal Knight)      Turns: 16404, Time: 01:23:27

Health: 0/92       AC: 29    Str: 20    XL:     14   Next: 7%
Magic:  15/15      EV: 16    Int: 14    God:    Lugonu [******]
Gold:   1260       SH:  0    Dex: 13    Spells: 13/13 levels left

rFire    . . .     SeeInvis .   d - +5 scimitar of the Doomed Warrior {freeze, +Blink rC+ MR+ Stlth+}
rCold    + + +     Gourm    +   (no shield)
rNeg     + . .     Faith    .   w - +2 chain mail {MR+}
rPois    ∞         Spirit   .   (no helmet)
rElec    +         Reflect  .   C - +1 cloak
rCorr    .         Harm     .   E - +0 pair of gloves of Sin {rC++ MR+}
MR       ++++.                  A - +0 pair of boots
Stlth    ..........             u - amulet of the gourmand
HPRegen  0.25/turn              j - +4 ring of strength
MPRegen  0.14/turn              y - +6 ring of evasion

@: no status effects
A: big wings, negative energy resistance 1, electricity resistance, unbreathing,
petrification resistance, rot immunity, AC +10
a: Fly, Depart the Abyss, Bend Space, Banish, Corrupt, Enter the Abyss, Brand
Weapon With Distortion, Renounce Religion, Evoke Blink


You were on level 1 of the Orcish Mines.
You worshipped Lugonu.
Lugonu was exalted by your worship.
You were completely stuffed.

You visited 3 branches of the dungeon, and saw 18 of its levels.
You visited the Abyss 1 time.
You also visited: Ice Cave.

You collected 1260 gold pieces.

Inventory:

Hand Weapons
 a - a +2 hand axe
 d - the +5 scimitar of the Doomed Warrior (weapon) {freeze, +Blink rC+ MR+ Stlth+}
   (You found it on level 1 of the Abyss)

   It has been specially enchanted to freeze those struck by it, causing extra
   injury to most foes and up to half again as much damage against particularly
   susceptible opponents.
   It can also slow down cold-blooded creatures.
   It protects you from cold.
   It affects your resistance to hostile enchantments.
   It lets you blink.
   It makes you more stealthy.
 e - the +1 dagger "Yriwargh" {freeze, +Fly Str+7}
   (You found it on level 7 of the Dungeon)

   It has been specially enchanted to freeze those struck by it, causing extra
   injury to most foes and up to half again as much damage against particularly
   susceptible opponents.
   It can also slow down cold-blooded creatures.
   It affects your strength (+7).
   It lets you fly.
 N - the +0 hunting sling of Tortfeasance {freeze, Str+3 Dex+2}
   (You found it on level 4 of the Lair of Beasts)

   It causes projectiles fired from it to freeze those they strike, causing
   extra injury to most foes and up to half again as much damage against
   particularly susceptible opponents.
   They can also slow down cold-blooded creatures.
   It affects your strength (+3).
   It affects your dexterity (+2).
Missiles
 O - 152 stones (quivered)
Armour
 w - a +2 chain mail of magic resistance (worn)
 A - a +0 pair of boots (worn)
 C - a +1 cloak (worn)
 E - the +0 pair of gloves of Sin (worn) {rC++ MR+}
   (You found it on level 6 of the Dungeon)

   It greatly protects you from cold.
   It affects your resistance to hostile enchantments.
Jewellery
 j - a +4 ring of strength (left hand)
 u - an amulet of the gourmand (around neck)
 y - a +6 ring of evasion (right hand)
 F - an uncursed ring of positive energy
 G - an uncursed ring of ice
 H - a cursed ring of teleportation {unknown}
 K - a +3 ring of protection
 L - an uncursed ring of protection from cold
 S - an uncursed ring of protection from cold
 T - an uncursed ring of flight {unknown}
Wands
 h - a wand of random effects (23)
 B - a wand of polymorph (7)
 I - a wand of paralysis (6)
 J - a wand of flame (41)
 Q - a wand of digging (6)
 V - a wand of acid (11)
Scrolls
 b - 6 scrolls of immolation
 g - 13 scrolls of remove curse
 i - 6 scrolls of teleportation
 l - 2 scrolls of blinking
 m - a scroll of vulnerability
 n - 2 scrolls of magic mapping
 p - a scroll of fear
 D - 4 scrolls of enchant weapon
 P - 4 scrolls of amnesia
Potions
 f - a potion of cancellation
 k - 2 potions of haste
 o - 2 potions of brilliance
 q - a potion of flight
 r - 3 potions of curing
 s - a potion of mutation
 t - 2 potions of berserk rage
 v - 3 potions of magic
 x - 3 potions of resistance
 z - a potion of agility
 R - a potion of might
Comestibles
 c - 52 rations


   Skills:
 * Level 12.9 Fighting
 + Level 4.1(10.5) Short Blades
 + Level 14.5(14.7) Long Blades
 + Level 2.0 Axes
 + Level 0.3 Slings
 + Level 11.0 Armour
 + Level 5.2 Dodging
 + Level 3.3 Stealth
 + Level 2.1 Invocations


You had 13 spell levels left.
You didn't know any spells.
Your spell library contained the following spells:

 Spells                   Type           Power        Failure   Level  Hunger
 Beastly Appendage        Tmut           #.....       89%         1    ##.....
 Summon Small Mammal      Summ           #...         89%         1    ##.....
 Call Imp                 Summ           #.......     96%         2    ###....
 Call Canine Familiar     Summ           #.......     99%         3    ####...
 Ignite Poison            Fire/Tmut/Pois #.......     99%         3    ####...
 Spectral Weapon          Hex/Chrm       #.......     99%         3    ####...
 Summon Guardian Golem    Hex/Summ       #.......     99%         3    ####...
 Summon Ice Beast         Ice/Summ       #.......     100%        4    #####..
 Summon Lightning Spire   Summ/Air       #.......     100%        4    #####..
 Irradiate                Conj/Tmut      #.........   100%        5    ######.
 Summon Mana Viper        Hex/Summ       #.......     100%        5    ######.
 Darkness                 Hex            #.........   100%        6    #######
 Hydra Form               Tmut           #.........   100%        6    #######
 Dragon Form              Tmut           #.........   100%        7    #######
 Statue Form              Tmut/Erth      Unusable     N/A         6    N/A

Dungeon Overview and Level Annotations

Branches:
Dungeon (10/15)            Temple (0/1) D:7            Lair (6/6) D:8
  Swamp (0/4) Lair:4       Spider (0/4) Lair:4        Slime (0/5) Lair:6
    Orc (2/2) D:10          IceCv (visited)
    Elf: Orc:2

Altars:
Dithmenos
Elyvilon
Fedhas
Kikubaaqudgha
Nemelex Xobeh
Trog
Uskayaw
Vehumet
Yredelemnul
Beogh

Annotations:
D:10 2 transporters, Error4North's ghost, journeyman HOFi
Orc:1 Erolcha
Orc:2 Sonja


Innate Abilities, Weirdness & Mutations

You are resistant to torment.
Your stone body is resilient. (AC +10)
You are immune to poison.
Your large and strong wings let you fly indefinitely.
You resist negative energy. (rN+)
You are resistant to electric shocks. (rElec)
You can survive without breathing.
You are immune to petrification.
You are immune to rotting.


Message History

The orc knight hits you with a +2 great sword of flaming!!
The orc knight burns you.
* * * LOW HITPOINT WARNING * * *
The orc knight hits you but does no damage.
Erolcha hits you but does no damage.
You hit the orc knight but do no damage.
The orc knight is almost dead.
The orc knight hits you but does no damage.
You hit the orc knight but do no damage.
The orc knight is almost dead.
Erolcha hits you with a +8 giant spiked club!
* * * LOW HITPOINT WARNING * * *
The orc knight hits you with a +2 great sword of flaming.
* * * LOW HITPOINT WARNING * * *
The orc knight burns you.
* * * LOW HITPOINT WARNING * * *
You feel much better.
Erolcha zaps a wand.
The puff of flame hits you.
* * * LOW HITPOINT WARNING * * *
The orc knight hits you with a +2 long sword!!
You die...

### ### ### ###.###.## ##.##
##....#...# #...# #o@O..#..####
##... # ### ##o#.....##.###....
###.## ##O......#...##....
##...## #####............###)).
......#####.##...#...#....## #.).
##......##...#...##.......####.[.
.##......##..#...........#.##....
......#.###......................
.....#...##.....#................


You could see 2 orc knights, Erolcha and an ogre.

Vanquished Creatures
  Fannar (Lair:1)
  5 hydras
  6 death yaks (Lair:5)
  A two-headed ogre (D:6)
  Erica (Lair:1)
  An orc high priest (Orc:1)
  A necromancer (Lair:3)
  2 orc knights
  An orc sorcerer (D:10)
  An ugly thing (IceCv)
  Joseph (Lair:1)
  5 black mambas
  8 spiny frogs
  2 rime drakes (Lair:3)
  7 komodo dragons
  3 trolls
  2 polar bears
  8 blink frogs
  3 hippogriffs
  11 dream sheep
  3 redbacks (Lair:4)
  A vampire (D:9)
  2 spriggans (Lair:4)
  2 basilisks (Lair:2)
  A wyvern (D:8)
  20 yaks
  2 hungry ghosts
  4 wargs
  7 water moccasins
  6 porcupines
  12 orc warriors
  2 necrophages
  A sky beast (D:6)
  A black bear (Lair:4)
  3 elephant zombies (Lair:3)
  9 ice beasts
  4 phantoms
  9 wolves (Lair:4)
  12 ogres
  5 centaurs
  14 crocodiles
  2 big kobolds
  12 bullfrogs
  A gnoll sergeant (D:9)
  6 scorpions
  A howler monkey (D:5)
  3 wights (D:10)
  4 electric eels
  4 jellies
  5 crimson imps
  A lava snake (Lair:5)
  2 centaur zombies
  5 hounds
  11 orc priests
  A basilisk zombie (Lair:3)
  16 orc wizards
  A quasit (D:8)
  2 bullfrog zombies
  Crazy Yiuf (D:2)
  2 centaur skeletons
  Terence (D:2)
  3 iguanas
  8 worker ants
  4 hell rats
  3 hound skeletons
  11 gnolls
  10 river rats
  7 adders
  2 shadow imps (D:8)
  3 oozes
  4 adder skeletons
  2 worms
  A dart slug (D:3)
  8 leopard geckos
  48 orcs
  3 ball pythons
  3 giant cockroaches
  6 goblins
  11 hobgoblins
  16 jackals
  4 quokkas
  3 bats
  3 frilled lizards
  20 kobolds
  A quokka skeleton (D:7)
  9 rats
  A spectral orc (D:4)
  A bush (Lair:1)
  2 fungi
468 creatures vanquished.

Vanquished Creatures (others)
  2 bushes (Lair:6)
  13 fungi
  19 plants
34 creatures vanquished.

Grand Total: 502 creatures vanquished

Notes
Turn   | Place    | Note
-------+----------+-------------------------------------------
     0 | Abyss:1  | Pokegali the Gargoyle Abyssal Knight began the quest for
                  | the Orb.
     0 | Abyss:1  | Reached XP level 1. HP: 14/14 MP: 2/2
    28 | Abyss:1  | Got a brightly glowing scimitar
    29 | Abyss:1  | Identified the Collected Works on the Shifting Oath
    33 | D:1      | Escaped the Abyss
    34 | D:1      | Identified the +5 scimitar of the Doomed Warrior {freeze,
                  | +Blink rC+ MR+ Stlth+} (You found it on level 1 of the
                  | Abyss)
    78 | D:1      | Reached * piety under Lugonu
    79 | D:1      | Reached XP level 2. HP: 15/19 MP: 3/3
   850 | D:2      | Reached skill level 1 in Dodging
   850 | D:2      | Reached XP level 3. HP: 24/24 MP: 4/4
  1086 | D:2      | Found a runed translucent door.
  1087 | D:2      | Noticed Crazy Yiuf
  1389 | D:2      | Reached skill level 1 in Stealth
  1403 | D:2      | Found a white marble altar of Elyvilon.
  1417 | D:2      | Noticed Terence
  1428 | D:2      | Killed Terence
  1428 | D:2      | Reached skill level 1 in Long Blades
  1428 | D:2      | Reached XP level 4. HP: 20/29 MP: 5/5
  1584 | D:2      | Killed Crazy Yiuf
  1677 | D:3      | Found a shadowy altar of Dithmenos.
  1856 | D:3      | Reached skill level 2 in Long Blades
  1856 | D:3      | Reached XP level 5. HP: 20/33 MP: 6/6
  1863 | D:3      | Reached ** piety under Lugonu
  2170 | D:3      | Found a radiant altar of Vehumet.
  2586 | D:4      | Noticed an ogre
  2596 | D:4      | Killed an ogre
  2596 | D:4      | Reached skill level 3 in Long Blades
  2596 | D:4      | Reached XP level 6. HP: 38/38 MP: 7/7
  2674 | D:4      | Found a sparkling altar of Nemelex Xobeh.
  2982 | D:4      | Found a basalt altar of Yredelemnul.
  3329 | D:5      | Entered Level 5 of the Dungeon
  3338 | D:5      | Reached skill level 4 in Long Blades
  3382 | D:5      | Reached XP level 7. HP: 36/43 MP: 8/8
  3520 | D:5      | Reached skill level 5 in Long Blades
  3552 | D:5      | Found a hide-covered altar of Uskayaw.
  3974 | D:6      | Reached *** piety under Lugonu
  3982 | D:6      | Reached skill level 6 in Long Blades
  3982 | D:6      | Reached XP level 8. HP: 48/48 MP: 9/9
  3985 | D:6      | Reached skill level 5 in Fighting
  4072 | D:6      | Reached skill level 7 in Long Blades
  4099 | D:6      | Found a blossoming altar of Fedhas.
  4474 | D:6      | Reached skill level 8 in Long Blades
  4474 | D:6      | Reached XP level 9. HP: 24/55 MP: 10/10
  4491 | D:6      | Got a pair of ichor-stained gloves
  4502 | D:6      | Identified the +0 pair of gloves of Sin {rC++ MR+} (You
                  | found it on level 6 of the Dungeon)
  4554 | D:6      | Reached **** piety under Lugonu
  4613 | D:6      | Noticed a two-headed ogre
  4708 | D:6      | Killed a two-headed ogre
  4708 | D:6      | Reached skill level 9 in Long Blades
  4708 | D:6      | Reached skill level 5 in Armour
  5130 | D:7      | Reached XP level 10. HP: 43/61 MP: 11/11
  5130 | D:7      | Paralysed by fainting for 11 turns
  5284 | D:7      | Reached skill level 10 in Long Blades
  5572 | D:7      | Found a staircase to the Ecumenical Temple.
  5761 | D:7      | Got a crystal dagger
  5762 | D:7      | Identified the cursed +1 dagger "Yriwargh" {freeze, +Fly
                  | Str+7} (You found it on level 7 of the Dungeon)
  5793 | D:8      | Found a staircase to the Lair.
  5917 | Lair:1   | Entered Level 1 of the Lair of Beasts
  6032 | Lair:1   | Noticed a spiny frog
  6043 | Lair:1   | Killed a spiny frog
  6174 | Lair:1   | Noticed Fannar
  6248 | Lair:1   | Killed Fannar
  6248 | Lair:1   | Reached skill level 11 in Long Blades
  6328 | Lair:1   | Noticed Joseph
  6359 | Lair:1   | Killed Joseph
  6360 | Lair:1   | Reached XP level 11. HP: 28/68 MP: 12/12
  6656 | Lair:1   | Noticed Erica
  6666 | Lair:1   | Killed Erica
  7273 | Lair:2   | Reached skill level 12 in Long Blades
  7316 | Lair:2   | Reached ***** piety under Lugonu
  7610 | Lair:2   | Noticed an eight-headed hydra
  7626 | Lair:2   | Killed a 13-headed hydra
  8385 | Lair:3   | Reached XP level 12. HP: 76/76 MP: 13/13
  8412 | Lair:3   | Noticed a seven-headed hydra
  8427 | Lair:3   | Killed a seven-headed hydra
  8648 | Lair:3   | Reached skill level 13 in Long Blades
  8662 | Lair:3   | Reached skill level 1 in Short Blades
  8780 | Lair:3   | Noticed a four-headed hydra
  8795 | Lair:3   | Killed a four-headed hydra
  8955 | Lair:3   | Reached skill level 10 in Fighting
  9218 | Lair:4   | Noticed a four-headed hydra
  9236 | Lair:4   | Noticed a seven-headed hydra
  9265 | Lair:4   | Killed a four-headed hydra
  9290 | Lair:4   | Killed a seven-headed hydra
  9864 | Lair:4   | Got a brightly glowing hunting sling
  9865 | Lair:4   | Identified the +0 hunting sling of Tortfeasance {freeze,
                  | Str+3 Dex+2} (You found it on level 4 of the Lair of
                  | Beasts)
  9990 | Lair:4   | Found a staircase to the Swamp.
 10084 | Lair:4   | Found a hole to the Spider Nest.
 10133 | Lair:4   | Noticed an eight-headed hydra
 10479 | Lair:5   | Noticed a death yak
 10502 | Lair:5   | Noticed a death yak
 10503 | Lair:5   | Noticed a death yak
 10512 | Lair:5   | Killed a death yak
 10529 | Lair:5   | Killed a death yak
 10529 | Lair:5   | Reached XP level 13. HP: 43/84 MP: 14/14
 10546 | Lair:5   | Reached skill level 10 in Armour
 11463 | Lair:6   | Entered Level 6 of the Lair of Beasts
 11494 | Lair:5   | Reached skill level 14 in Long Blades
 11971 | Lair:5   | Reached skill level 5 in Dodging
 12916 | Lair:6   | Found a staircase to the Slime Pits.
 13337 | D:8      | Reached ****** piety under Lugonu
 14658 | D:9      | Found an ancient bone altar of Kikubaaqudgha.
 14969 | D:10     | Entered Level 10 of the Dungeon
 15051 | D:10     | Found a transporter.
 15051 | D:10     | Found a transporter.
 15053 | D:10     | Noticed Error4North's ghost (journeyman HOFi)
 15054 | D:10     | Found a bloodstained altar of Trog.
 15142 | D:10     | Found a staircase to the Orcish Mines.
 15165 | Orc:1    | Entered Level 1 of the Orcish Mines
 15412 | Orc:1    | Found a roughly hewn altar of Beogh.
 15642 | Orc:2    | Entered Level 2 of the Orcish Mines
 15894 | Orc:2    | Gained mutation: Your large and strong wings let you fly
                  | indefinitely. [Gargoyle growth]
 15894 | Orc:2    | Reached XP level 14. HP: 92/92 MP: 15/15
 15905 | Orc:2    | Found a frozen archway.
 15915 | Orc:2    | Noticed Sonja
 15917 | IceCv    | Entered an ice cave
 16117 | Orc:2    | Noticed Erolcha
 16404 | Orc:1    | Slain by an orc knight

Levels and vault maps discovered:
D:1:      minmay_arrival_jagged, layout_loops_ring, minmay_tree_intersection
D:2:      layout_rooms, elyvilon_altar_3, supply_closet_lemuel,
          minmay_misc_feat_five, grunt_decor_one_mirror,
          uniq_crazy_yiuf_cottage, uniq_terence
D:3:      layout_loops_corners, grunt_dithmenos_smoke_and_mirrors,
          old_standard_altar, first_ration, kennysheep_potato
D:4:      layout_loops_corners, yredelemnul_forgotten_temple_becter,
          minmay_misc_feat_room, nemelex_diamond_rough_becter
D:5:      cheibrodos_iron_armory, layout_basic, eat_drink_and_be_merry_uskayaw
D:6:      kennysheep_windowed_halls, layout_loops_ring,
          fedhas_bush_and_centaur_altar
D:7:      layout_rooms, minmay_temple_entry_statues_pillars, minmay_circle_x
D:8:      layout_gridville, lair_entry_dummy, grunt_ogre_cave
D:9:      layout_loops_ring, kiku_gazebo_pond_becter
D:10:     layout_loops_ring, minmay_orc_entry_guard_dogs,
          gammafunk_ghost_wrathful_warriors, basic_altar,
          corexii_leaking_fountain
Lair:1:   layout_cave_pods, grunt_megastairs_5, uniq_fannar, uniq_erica,
          uniq_joseph
Lair:2:   layout_regular_city, kennysheep_abandoned_house
Lair:3:   pond_and_an_island_with_a_cottage, layout_chaotic_city,
          minmay_shattered_shrine, serial_bayou_shore_b
Lair:4:   layout_regular_city, swamp_mist_pool, spider_nest_entry_webs,
          st_stairs_9, forest_entry_grove
Lair:5:   layout_gridlike, kennysheep_rathole, grunt_megastairs_1,
          lemuel_fruit_fields, infiniplex_staircase_pool
Lair:6:   guppyfry_lair_end_dragon, layout_loops_ring,
          minmay_slime_entry_pillars, serial_forest,
          infiniplex_forest_clump_double, infiniplex_forest_clump_diagonal,
          infiniplex_forest_clump_tiny, infiniplex_forest_end_double,
          infiniplex_forest_lined_corner, infiniplex_forest_pool,
          infiniplex_forest_pool, serial_bayou_shore_b
Orc:1:    layout_caves, mines2_david
Orc:2:    grunt_orc_gardens, layout_caves, grunt_orc_garden, grunt_orc_garden,
          grunt_orc_garden, grunt_orc_garden, portal_ice_cave_entry_pillars_2,
          mines2_lemuel, uniq_sonja, uniq_maurice, uniq_erolcha, uniq_azrael

Skill      XL: |  1  2  3  4  5  6  7  8  9 10 11 12 13 14 |
---------------+-------------------------------------------+-----
Axes           | 2 |  2.0
Dodging        | 1 2 3 4 5 |  5.2
Stealth        | 1 2 3 |  3.3
Long Blades    | 1 2 3 4 6 8 9 11 12 13 14 | 14.5
Fighting       | 4 5 6 8 9 11 12 | 12.9
Armour         | 3 4 5 6 8 9 10 11 | 11.0
Short Blades   | 2 4 |  4.1
Slings         | |  0.3
Invocations    | |  2.1

Action                   |  1- 3 |  4- 6 |  7- 9 | 10-12 | 13-15 || total
-------------------------+-------+-------+-------+-------+-------++-------
Melee: Scimitar          |    60 |    67 |   211 |   612 |   454 ||  1404
       Dagger            |       |       |       |    75 |   513 ||   588
 Fire: Hunting sling     |       |       |       |     1 |       ||     1
Invok: Depart the Abyss  |     1 |       |       |       |       ||     1
  Use: Potion            |     1 |     2 |     3 |     4 |     3 ||    13
       Scroll            |     1 |     4 |     7 |     8 |     4 ||    24
 Stab: Sleeping          |     7 |       |       |       |       ||     7
       Distracted        |       |       |     1 |       |       ||     1
  Eat: Chunk             |     2 |     6 |     6 |    37 |    28 ||    79
Armor: Leather armour    |    18 |       |       |       |       ||    18
       Chain mail        |       |    30 |   112 |   365 |   371 ||   878
Dodge: Dodged            |    32 |    48 |   178 |   478 |   601 ||  1337
       Rpst.: Scimitar   |    14 |    12 |    54 |    96 |    85 ||   261

Table legend:
 A = Non-vault XP
 B = Vault XP
 C = Vault XP percentage of total XP
 D = Non-vault monster count
 E = Vault monster count
 F = Vault count percentage of total count
                 A         B        C        D         E       F
            +---------+---------+-------+---------+---------+-------
      Total |   39263 |   17416 |  30.7 |     355 |     110 |  23.7
            +---------+---------+-------+---------+---------+-------
        D:1 |      31 |       0 |   0.0 |      17 |       0 |   0.0
        D:2 |      33 |      77 |  70.0 |      15 |       2 |  11.8
        D:3 |      90 |       4 |   4.3 |      16 |       2 |  11.1
        D:4 |     298 |       1 |   0.3 |      14 |       1 |   6.7
        D:5 |     561 |       0 |   0.0 |      24 |       0 |   0.0
        D:6 |    1335 |    1877 |  58.4 |      41 |      18 |  30.5
        D:7 |    1150 |     498 |  30.2 |      19 |       7 |  26.9
        D:8 |    2123 |     121 |   5.4 |      45 |       1 |   2.2
        D:9 |    1448 |       0 |   0.0 |      28 |       0 |   0.0
       D:10 |    1747 |     331 |  15.9 |      10 |       2 |  16.7
     Lair:1 |    2226 |    2616 |  54.0 |      11 |       5 |  31.2
     Lair:2 |    2932 |    1098 |  27.2 |      13 |      14 |  51.9
     Lair:3 |    3682 |    4600 |  55.5 |      15 |      15 |  50.0
     Lair:4 |    5350 |    1836 |  25.5 |      19 |      10 |  34.5
     Lair:5 |   10720 |     293 |   2.7 |      31 |      10 |  24.4
     Lair:6 |    3885 |      42 |   1.1 |      16 |       1 |   5.9
      Orc:1 |    1219 |    1379 |  53.1 |      12 |       9 |  42.9
      Orc:2 |     433 |    1332 |  75.5 |       9 |       6 |  40.0
      IceCv |       0 |    1311 | 100.0 |       0 |       7 | 100.0
            +---------+---------+-------+---------+---------+-------
